AoeStats
← bkg45

Nomad

509463204Analyzed
4v4 RM · 4d ago on Sep 26, 2026· 28m 55s· 8 players
Game mode
Random Map
Map size
231×231
Population
200
Speed
Normal
Resources
Standard
Victory
Conquest
Starting age
Dark Age
Ending age
Imperial Age
RankedLock teamsTeams togetherTeam positionsShared explorationLock speedFull tech treeHidden civsTurbo modeCheats
Victory
Defeat
🇮🇳 Italians · India
1406
+15
🇦🇺 Khmer · Australia
1399
+15
🇩🇪 Mongols · Germany
1352
+17
🇺🇸 Koreans · United States
1337
+19
🇧🇷 Huns · Brazil
1408
-17
🇵🇪 Danes · Peru
1386
-17
🇨🇱 Spanish · Chile
1375
-16
🇵🇪 Spanish · Peru
1374
-16
kalioglu
2:57 Loom
12:10 Feudal Age
12:43 Double-Bit Axe
17:16 Castle Age
18:15 Bow Saw
24:17 Fletching
26:04 Scale Mail Armor
[LCDR]Hilstinho
11:13 Loom
13:29 Feudal Age
19:21 Castle Age
18:47 Scale Barding Armor
20:23 Forging
lcastillov22
4:53 Loom
13:51 Feudal Age
16:58 Wheelbarrow
21:49 Castle Age
Thanos 2022
13:04 Feudal Age
16:50 Castle Age
15:26 Gold Mining
Cronik
12:38 Feudal Age
11:32 Loom
16:18 Castle Age
14:45 Fletching
15:56 Double-Bit Axe
18:15 Town Watch
18:36 Bodkin Arrow
22:55 Wheelbarrow
22:31 Horse Collar
23:50 Bow Saw
24:41 Hand Cart
24:35 Husbandry
28:04 Ballistics
27:44 Gold Mining
28:47 Bloodlines
wannabepirate
3:26 Loom
12:56 Feudal Age
16:59 Castle Age
18:03 Medium Warships
17:47 Fletching
19:07 Bodkin Arrow
21:01 Fishing Lines
22:57 Double-Bit Axe
24:34 Wheelbarrow
23:45 Town Watch
24:27 Padded Archer Armor
24:45 Clinker Construction
26:34 Careening
Boga
4:16 Loom
13:01 Feudal Age
14:46 Forging
18:33 Double-Bit Axe
23:05 Castle Age
23:21 Bloodlines
23:23 Forging
23:58 Fletching
24:45 Iron Casting
28:48 Imperial Age
bkg45
4:43 Loom
14:01 Feudal Age
17:42 Castle Age
16:22 Double-Bit Axe
16:54 Fishing Lines
18:35 Bow Saw
19:45 Fletching
20:21 Bodkin Arrow
27:32 Ballistics
31:52 Imperial Age
Connection lost

Rejoining the realm…

Still unreachable

The connection could not be restored.

Session expired

The server has moved on; the page needs a fresh start.